[Event "Titled Tuesday Blitz December 13 Early 2022"]
[White "Tymrakiewicz, Rafal"]
[Black "Moroni, Luca Jr"]
[WhiteFideId "1108832"]
[BlackFideId "865834"]
[WhiteElo "2139"]
[BlackElo "2573"]
[Result "0-1"]
[Round "01"]
[TimeControl "180+1"]
[Date "2022.12.14"]
[WhiteClock "0:00:15"]
[BlackClock "0:00:28"]

1. d4 d6 2. Bg5 h6 3. Bh4 Nf6 4. Nd2 g5 5. Bg3 Nh5 6. e3 Nxg3 7. hxg3 Bg7 8. Bc4 e6 9. Qh5 Qe7 10. f4 Nd7 11. Ngf3 Nf6 12. Qh2 Ng4 13. Qg1 a6 14. O-O-O b5 15. Be2 f5 16. Ne1 Bb7 17. Bf3 c6 18. Nd3 O-O-O 19. fxg5 Qxg5 20. Nf4 Rhe8 21. Rh5 Qf6 22. Bxg4 fxg4 23. Rf1 Qe7 24. Rh4 e5 25. Nh5 exd4 26. Nxg7 Qxg7 27. exd4 Re2 28. Rd1 Rf8 29. Rf1 Rfe8 30. Rd1 Qg5 31. Qf1 c5 32. dxc5 dxc5 33. Qf4 Qxf4 34. gxf4 Rxg2 35. Nb3 Ree2 36. Rd2 Rxd2 37. Nxd2 Rg1+ 38. Nf1 Rxf1+ 39. Kd2 Rxf4 40. Rxh6 g3 41. Rg6 g2 0-1


[Site "https://www.chess.com"]

[Event "Titled Tuesday Blitz December 13 Early 2022"]
[White "Urazayev, Arystanbek"]
[Black "Buchenau, Frank"]
[WhiteFideId "13709810"]
[BlackFideId "4604350"]
[WhiteElo "2463"]
[BlackElo "2157"]
[Result "0-1"]
[Round "01"]
[TimeControl "180+1"]
[Date "2022.12.14"]
[WhiteClock "0:00:15"]
[BlackClock "0:00:03"]

1. d4 e6 2. c4 Nf6 3. Nc3 Bb4 4. Nf3 c5 5. g3 Ne4 6. Qd3 Qa5 7. Qxe4 Bxc3+ 8. Bd2 Bxd2+ 9. Nxd2 O-O 10. d5 exd5 11. Qxd5 Nc6 12. Qd3 Re8 13. Bg2 Nd4 14. e3 d5 15. O-O Bf5 16. Qa3 Ne2+ 17. Kh1 Qxd2 18. Rfe1 Be4 19. f3 Bc2 20. cxd5 Qxe3 21. Qxe3 Rxe3 22. d6 Rd8 23. Bf1 Bd3 24. Rad1 c4 25. b3 b5 26. a4 a6 27. axb5 axb5 28. bxc4 bxc4 29. Kg2 Re6 30. d7 Kf8 31. Kf2 Nc3 32. Rc1 Bxf1 33. Rxf1 Re2+ 34. Kg1 Re3 35. Kf2 Rd3 36. Rfe1 R8xd7 37. g4 g6 38. Kg3 g5 39. Re5 f6 40. Re6 Kf7 41. Rce1 R3d6 42. Re8 Nd5 43. Rh8 Kg7 44. Ree8 Nf4 45. h4 Ng6 46. Rhg8+ Kh6 47. h5 Nf4 48. Rgf8 Rb7 49. Kf2 Rb2+ 50. Ke3 Rd3+ 51. Ke4 Re2+ 52. Kf5 Rxe8 53. Rxe8 Nd5 54. f4 gxf4 55. Re6 Kg7 56. Rc6 c3 57. h6+ Kxh6 58. g5+ Kh5 59. gxf6 f3 60. f7 Ne7+ 61. Ke4 Rd8 62. Re6 Ng6 63. Re8 Rd7 64. Kxf3 Rxf7+ 65. Ke2 Rc7 66. Kd1 c2+ 67. Kc1 Nf4 68. Re3 Kg4 69. Re4 h5 70. Re3 h4 71. Ra3 h3 72. Kd2 c1=Q# 0-1


[Site "https://www.chess.com"]

[Event "Titled Tuesday Blitz December 13 Early 2022"]
[White "Urbina Perez, Juan Antonio"]
[Black "Samunenkov, Ihor"]
[WhiteFideId "2217368"]
[BlackFideId "14187086"]
[WhiteElo "2197"]
[BlackElo "2442"]
[Result "0-1"]
[Round "01"]
[TimeControl "180+1"]
[Date "2022.12.14"]
[WhiteClock "0:01:21"]
[BlackClock "0:01:24"]

1. e4 c5 2. Nf3 Nc6 3. Bb5 g6 4. Bxc6 dxc6 5. d3 Bg7 6. h3 Nf6 7. Nc3 Nd7 8. Be3 e5 9. Qd2 h6 10. a3 f5 11. Qe2 O-O 12. b4 b6 13. bxc5 f4 14. Bd2 Nxc5 15. O-O g5 16. Nh2 Ne6 17. f3 Nd4 18. Qd1 h5 19. Ne2 Be6 20. c3 Nb3 21. Rb1 Qxd3 22. Rxb3 Bxb3 23. Qxb3+ Kh7 24. Bxf4 exf4 25. Nc1 Qxc3 26. Qe6 Rae8 27. Qd7 Qd4+ 28. Qxd4 Bxd4+ 29. Kh1 c5 30. Rd1 Rd8 31. Nf1 c4 32. Na2 Bb2 0-1


[Site "https://www.chess.com"]

[Event "Titled Tuesday Blitz December 13 Early 2022"]
[White "Vidit, Santosh Gujrathi"]
[Black "Pham, Khoi"]
[WhiteFideId "5029465"]
[BlackFideId "1054988"]
[WhiteElo "2669"]
[BlackElo "2522"]
[Result "1-0"]
[Round "01"]
[TimeControl "180+1"]
[Date "2022.12.13"]
[WhiteClock "0:00:15"]
[BlackClock "0:00:10"]

1. d4 d5 2. c4 c6 3. Nf3 Nf6 4. e3 e6 5. Bd3 Nbd7 6. O-O Bd6 7. Nbd2 O-O 8. e4 dxe4 9. Nxe4 Nxe4 10. Bxe4 Nf6 11. Bc2 c5 12. Bg5 h6 13. Bh4 b6 14. Qd3 Re8 15. Rad1 Bb7 16. Ne5 Bxe5 17. dxe5 Qxd3 18. Rxd3 Nh7 19. Rd7 Bc6 20. Rd6 Rac8 21. Rfd1 Nf8 22. f4 Rc7 23. a3 Nd7 24. b4 cxb4 25. axb4 a6 26. Bb3 g5 27. Bf2 gxf4 28. Rxc6 Rxc6 29. Rxd7 Rb8 30. Rd6 Rxd6 31. exd6 a5 32. d7 Kf8 33. Bxb6 1-0


[Site "https://www.chess.com"]

[Event "Titled Tuesday Blitz December 13 Early 2022"]
[White "Vifleemskaia, Svetlana"]
[Black "Khripachenko, Alexander"]
[WhiteFideId "4129490"]
[BlackFideId "54184975"]
[WhiteElo "1930"]
[BlackElo "2301"]
[Result "0-1"]
[Round "01"]
[TimeControl "180+1"]
[Date "2022.12.14"]
[WhiteClock "0:00:32"]
[BlackClock "0:01:59"]

1. d4 d5 2. c4 e6 3. Nc3 Be7 4. cxd5 exd5 5. Bf4 c6 6. Nf3 Bf5 7. Qb3 Qb6 8. e3 Nd7 9. Be2 Ngf6 10. O-O h6 11. Na4 Qxb3 12. axb3 Nh5 13. Bc7 Rc8 14. Ba5 Nhf6 15. Bd2 Ne4 16. Be1 O-O 17. Nc3 a6 18. Nd2 Nd6 19. Na4 Rfe8 20. g4 Bh7 21. f4 Bf6 22. Bf2 Bxd4 23. exd4 Rxe2 24. Nf3 Be4 25. Ne5 Nf8 26. Be1 Rg2+ 27. Kh1 Rxg4+ 28. Nf3 Rxf4 29. Kg2 Nf5 0-1


[Site "https://www.chess.com"]

[Event "Titled Tuesday Blitz December 13 Early 2022"]
[White "Vokhidov, Shamsiddin"]
[Black "Miller, Luke C"]
[WhiteFideId "14204223"]
[BlackFideId "2096935"]
[WhiteElo "2597"]
[BlackElo "2494"]
[Result "1-0"]
[Round "01"]
[TimeControl "180+1"]
[Date "2022.12.13"]
[WhiteClock "0:02:04"]
[BlackClock "0:00:30"]

1. e4 c5 2. Nf3 d6 3. d4 cxd4 4. Nxd4 Nf6 5. Nc3 g6 6. f3 Bg7 7. Be3 O-O 8. Qd2 Nc6 9. g4 Be6 10. Nxe6 fxe6 11. O-O-O Qc8 12. h4 Ne5 13. Be2 h5 14. gxh5 Nxh5 15. Rhg1 Rxf3 16. Bd4 Kh7 17. Rg5 Nc4 18. Bxc4 Qxc4 19. Rxh5+ gxh5 20. Bxg7 Kxg7 21. Qg2+ 1-0


[Site "https://www.chess.com"]

[Event "Titled Tuesday Blitz December 13 Early 2022"]
[White "Williams, Simon K"]
[Black "Dias, Joao Batista"]
[WhiteFideId "404454"]
[BlackFideId "2108240"]
[WhiteElo "2468"]
[BlackElo "1898"]
[Result "1-0"]
[Round "01"]
[TimeControl "180+1"]
[Date "2022.12.14"]
[WhiteClock "0:00:11"]
[BlackClock "0:00:01"]

1. d4 d5 2. c4 c6 3. Nc3 Nf6 4. Nf3 g6 5. cxd5 cxd5 6. Bf4 a6 7. e3 Bg7 8. Be2 O-O 9. O-O Nc6 10. Rc1 Re8 11. Na4 Nh5 12. Bg5 h6 13. Bh4 Bf6 14. Bxf6 Nxf6 15. Qb3 Qd6 16. Nb6 Rb8 17. a3 Bg4 18. Rfd1 Bxf3 19. Bxf3 e6 20. Rc2 Na5 21. Qb4 Qxb4 22. axb4 Nc6 23. Be2 Nxb4 24. Rc7 Kf8 25. Rdc1 Re7 26. f3 Rxc7 27. Rxc7 Ne8 28. Rc5 Ke7 29. Kf2 f5 30. h3 Kd6 31. Nc8+ Kd7 32. Nb6+ Kd6 33. g3 Nc7 34. g4 Nc6 35. f4 Nb4 36. h4 Nc6 37. h5 gxh5 38. gxf5 exf5 39. Bxh5 Rg8 40. Bf3 Rd8 41. Nxd5 Nxd5 42. Rxd5+ Ke6 43. Rc5 Kd6 44. Rxf5 Nb4 45. Rh5 Rh8 46. Ke2 b6 47. e4 Nc2 48. Kd3 Ne1+ 49. Ke3 Nc2+ 50. Kd2 Nb4 51. e5+ Ke6 52. Kc3 Na2+ 53. Kb3 Nc1+ 54. Kc2 Na2 55. d5+ Ke7 56. Kb3 Nc1+ 57. Kc4 b5+ 58. Kd4 Nb3+ 59. Ke3 Nc5 60. d6+ Kd8 61. Kd4 Ne6+ 62. Ke4 Ng7 63. Rh3 Rf8 64. Rxh6 Rg8 65. Kd5 Nf5 66. Rf6 Ne3+ 67. Kc6 Nc4 68. Bd5 Rh8 69. e6 Na5+ 70. Kb6 Nc4+ 71. Bxc4 bxc4 72. Kc6 1-0


[Site "https://www.chess.com"]

[Event "Titled Tuesday Blitz December 13 Early 2022"]
[White "Xie, Bryan"]
[Black "Talibov, Shiroghlan"]
[WhiteFideId "30941296"]
[BlackFideId "13429078"]
[WhiteElo "2033"]
[BlackElo "2261"]
[Result "0-1"]
[Round "01"]
[TimeControl "180+1"]
[Date "2022.12.14"]
[WhiteClock "0:00:03"]
[BlackClock "0:01:12"]

1. e4 d6 2. d4 Nf6 3. Nc3 Nbd7 4. Nf3 c6 5. e5 dxe5 6. dxe5 Ng4 7. e6 fxe6 8. Ng5 Nde5 9. Qxd8+ Kxd8 10. f4 h6 11. fxe5 hxg5 12. Bxg5 Nxe5 13. O-O-O+ Ke8 14. Be2 Nf7 15. Be3 Nd6 16. Bf4 Bd7 17. Bg4 g6 18. Rhe1 Bh6 19. Bxh6 Rxh6 20. Bxe6 Bxe6 21. Rxe6 Kf7 22. Rde1 Re8 23. h3 Rh5 24. R6e2 Rf5 25. Ne4 Nxe4 26. Rxe4 e5 27. g4 Rf3 28. h4 Rf4 29. Rxf4+ exf4 30. Rf1 Re4 31. Kd2 Kf6 32. Kd3 Ke5 33. c3 Re3+ 34. Kd2 Rh3 35. Re1+ Kf6 36. Rf1 Ke5 37. Re1+ Kd5 38. Rf1 Ke4 39. Re1+ Kf3 40. Re7 Rxh4 41. Rxb7 Rxg4 42. Rxa7 Rg2+ 43. Ke1 Rxb2 44. Rg7 Re2+ 45. Kf1 Rxa2 46. Ke1 Re2+ 47. Kd1 Re6 48. Rf7 Kg3 0-1


[Site "https://www.chess.com"]

[Event "Titled Tuesday Blitz December 13 Early 2022"]
[White "Yurasova, Daria"]
[Black "Deac, Bogdan-Daniel"]
[WhiteFideId "34146919"]
[BlackFideId "1226380"]
[WhiteElo "2098"]
[BlackElo "2649"]
[Result "0-1"]
[Round "01"]
[TimeControl "180+1"]
[Date "2022.12.13"]
[WhiteClock "0:00:11"]
[BlackClock "0:00:04"]

1. d4 g6 2. Nf3 Bg7 3. g3 c5 4. Bg2 cxd4 5. Nxd4 Nc6 6. Nxc6 bxc6 7. O-O Nf6 8. c3 O-O 9. Nd2 d5 10. c4 Qb6 11. cxd5 cxd5 12. Nb3 Rb8 13. Be3 Qa6 14. Nc5 Qa5 15. Bd4 Re8 16. a3 e5 17. b4 Qd8 18. Bb2 a5 19. Qd2 axb4 20. axb4 Qb6 21. Ba3 Qb5 22. Rfc1 Bf5 23. Bf1 Qb6 24. Na4 Qa7 25. Nc5 h5 26. e3 Qb6 27. Na4 Qd8 28. Nc5 h4 29. Bb2 Qb6 30. Bc3 Rbd8 31. Ra6 Qb8 32. Rca1 d4 33. exd4 exd4 34. Bb2 Nd5 35. b5 Nc3 36. Bg2 Qxb5 37. R6a5 Qc4 38. Na4 Re2 39. Qc1 Rde8 40. Bxc3 dxc3 41. Nb6 Qd4 42. Qf1 Qxb6 43. Ra8 Re7 44. R8a6 Qc5 45. Bc6 Rd8 46. Qg2 Qd4 47. Ra8 c2 48. Rxd8+ Qxd8 49. Qf1 Bxa1 0-1


[Site "https://www.chess.com"]

[Event "Titled Tuesday Blitz December 13 Early 2022"]
[White "Zeman, Matyas"]
[Black "Barria Zuniga, Daniel"]
[WhiteFideId "364398"]
[BlackFideId "3400816"]
[WhiteElo "2254"]
[BlackElo "2414"]
[Result "1-0"]
[Round "01"]
[TimeControl "180+1"]
[Date "2022.12.14"]
[WhiteClock "0:00:03"]
[BlackClock "0:00:16"]

1. d4 g6 2. e4 Bg7 3. Nc3 c5 4. d5 d6 5. Bb5+ Bd7 6. Be2 Nf6 7. Nf3 O-O 8. a4 Na6 9. O-O Nb4 10. Nd2 e6 11. dxe6 Bxe6 12. Bc4 Re8 13. Bxe6 Rxe6 14. Nc4 Nxe4 15. Nxe4 Rxe4 16. Nd2 Re6 17. c3 Nd3 18. Nc4 Nxc1 19. Rxc1 d5 20. Ne3 d4 21. Nc4 Qd5 22. cxd4 Bxd4 23. Qb3 b6 24. a5 Rae8 25. axb6 axb6 26. Qb5 h5 27. b4 Qc6 28. Qxc6 Rxc6 29. b5 Rf6 30. Rc2 Ra8 31. g3 Ra4 32. Rb1 g5 33. Kg2 Kg7 34. f3 Kg6 35. h3 Re6 36. Kf1 f5 37. Re1 Kf6 38. Rxe6+ Kxe6 39. Nxb6 Rb4 40. Re2+ Kd6 41. Nc8+ Kd7 42. Nb6+ Kd6 43. Nc8+ Kc7 44. Ne7 Rb1+ 45. Kg2 f4 46. g4 hxg4 47. hxg4 Rg1+ 48. Kh2 Rg3 49. Nf5 Rxf3 50. Re6 Rf2+ 51. Kh3 Rb2 52. Rc6+ Kb7 53. Nd6+ Kb8 54. b6 Rb3+ 55. Kh2 Rxb6 56. Rxb6+ Kc7 57. Nc4 f3 58. Kg3 1-0


[Site "https://www.chess.com"]

[Event "Titled Tuesday Blitz December 13 Early 2022"]
[White "Zemlyanskii, Ivan"]
[Black "Jimenez Almeida, Luis David"]
[WhiteFideId "24249971"]
[BlackFideId "22242244"]
[WhiteElo "2107"]
[BlackElo "2158"]
[Result "1-0"]
[Round "01"]
[TimeControl "180+1"]
[Date "2022.12.14"]
[WhiteClock "0:00:20"]
[BlackClock "0:00:13"]

1. d4 g6 2. c4 Bg7 3. Nc3 c5 4. d5 Bxc3+ 5. bxc3 Qa5 6. Bd2 f5 7. e4 fxe4 8. f3 e3 9. Bxe3 Qxc3+ 10. Bd2 Qe5+ 11. Ne2 Nf6 12. Bc3 Qe3 13. Rb1 d6 14. Rb3 Qh6 15. Ng3 Nbd7 16. Be2 O-O 17. O-O Nb6 18. Re1 Bd7 19. Bd3 Ba4 20. Rxe7 Rae8 21. Qe2 Rxe7 22. Qxe7 Bxb3 23. Bxf6 Bxc4 24. Bf5 Qc1+ 25. Kf2 Qd2+ 26. Kg1 Rxf6 27. Be6+ Rxe6 28. Qxe6+ Kg7 29. Qe7+ Kh6 30. Nf5+ gxf5 31. Qf6+ Kh5 32. Qxf5+ Qg5 33. Qxh7+ Qh6 34. g4+ Kg5 35. h4+ Qxh4 36. Qe7+ Kf4 37. Qxh4 Bxd5 38. g5+ Kxf3 39. g6 c4 40. Qf6+ Ke3 41. g7 Kd3 42. Qxd6 c3 43. g8=Q c2 44. Qg5 Kc3 45. Qa3+ Kd4 46. Qge3+ Kc4 47. Qac3+ Kb5 48. Qec5+ Ka6 49. Q5a5# 1-0


[Site "https://www.chess.com"]

[Event "Titled Tuesday Blitz December 13 Early 2022"]
[White "Zhigalko, Sergei"]
[Black "Petrovic, Aleksa"]
[WhiteFideId "13502956"]
[BlackFideId "967629"]
[WhiteElo "2662"]
[BlackElo "2230"]
[Result "0-1"]
[Round "01"]
[TimeControl "180+1"]
[Date "2022.12.14"]
[WhiteClock "0:00:01"]
[BlackClock "0:00:08"]

1. e4 e5 2. Nf3 Nc6 3. Bc4 Bc5 4. b4 Bxb4 5. c3 Be7 6. d4 Na5 7. Bd3 d6 8. dxe5 dxe5 9. Nxe5 Nf6 10. O-O O-O 11. Qc2 Re8 12. Nf3 Bd6 13. Bg5 h6 14. Bh4 Nc6 15. Nbd2 g5 16. Bg3 Nh5 17. Rfe1 Nxg3 18. hxg3 Ne5 19. Nxe5 Bxe5 20. Nc4 Qf6 21. Nxe5 Qxe5 22. Rab1 c6 23. a4 b6 24. Bc4 Be6 25. Bxe6 Rxe6 26. Rbd1 Rae8 27. Rd4 Rd6 28. Qd3 Rde6 29. Rd1 c5 30. Rd7 R8e7 31. Rxe7 Rxe7 32. f3 Kg7 33. g4 Kf6 34. Qd8 Ke6 35. Rd5 Qc7 36. Qh8 Rd7 37. Qxh6+ f6 38. c4 Qf4 39. Qh8 Qe3+ 40. Kh2 Qf4+ 41. Kh3 Rxd5 42. cxd5+ Kd7 43. Qg7+ Kc8 44. Qxa7 Qc1 45. Qa8+ Kc7 46. Qc6+ Kd8 47. Qxb6+ Ke8 48. Qb8+ Kf7 49. a5 Qa1 50. Qc7+ Kg6 51. Kg3 Qe1+ 52. Kh3 Qh4# 0-1


[Site "https://www.chess.com"]

[Event "Titled Tuesday Blitz December 13 Early 2022"]
[White "Abasov, Nijat"]
[Black "Lewtak, Damian"]
[WhiteFideId "13402960"]
[BlackFideId "1141724"]
[WhiteElo "2546"]
[BlackElo "2330"]
[Result "1-0"]
[Round "02"]
[TimeControl "180+1"]
[Date "2022.12.13"]
[WhiteClock "0:00:11"]
[BlackClock "0:00:01"]

1. Nf3 d5 2. d4 Nf6 3. Bf4 e6 4. e3 Bd6 5. Bxd6 Qxd6 6. c4 Nbd7 7. Nc3 c6 8. Qc2 O-O 9. Rd1 Qe7 10. Be2 dxc4 11. Bxc4 e5 12. O-O b6 13. d5 Bb7 14. d6 Qd8 15. Rd2 b5 16. Bb3 Qb6 17. Rfd1 c5 18. Nd5 Bxd5 19. Bxd5 Rac8 20. Ng5 h6 21. Ne4 Rfd8 22. Ng3 Kf8 23. Nf5 c4 24. Ne7 Rb8 25. Nc6 Nxd5 26. Nxb8 N7f6 27. Rxd5 Nxd5 28. Rxd5 Qxb8 29. Qh7 f6 30. e4 Kf7 31. d7 Qb7 32. Qf5 Qc6 33. Qh5+ Kf8 34. Qd1 Ke7 35. Qg4 Kf7 36. h4 Qe6 37. Qh5+ Ke7 38. Qg6 Qf7 39. Qg4 a6 40. a3 h5 41. Qd1 Qe6 42. Qxh5 Rxd7 43. Qg6 Rxd5 44. Qxg7+ Kd6 45. Qf8+ Kc6 46. Qa8+ Kc5 47. exd5 Qxd5 48. Qxa6 Kd4 49. Qa7+ Kd3 50. Qe3+ Kc2 51. Qc3+ Kb1 52. g3 Qd3 53. Qb4 Qb3 54. h5 Qxb4 55. axb4 Kxb2 56. h6 c3 57. h7 c2 58. h8=Q c1=Q+ 59. Kh2 Qd2 60. Qxf6 Qd4 61. f4 Qf2+ 62. Kh3 Qf1+ 63. Kh4 Qh1+ 64. Kg5 Qd5 65. Qxe5+ 1-0


[Site "https://www.chess.com"]

[Event "Titled Tuesday Blitz December 13 Early 2022"]
[White "Aizpurua, Patrick Emilio"]
[Black "Daneshvar, Bardiya"]
[WhiteFideId "6600522"]
[BlackFideId "12576468"]
[WhiteElo "2580"]
[BlackElo "2886"]
[Result "0-1"]
[Round "02"]
[TimeControl "180+1"]
[Date "2022.12.14"]
[WhiteClock "0:01:18"]
[BlackClock "0:01:45"]

1. Nf3 g6 2. d4 Nf6 3. g3 b6 4. Bg2 Bb7 5. O-O Bg7 6. c4 O-O 7. Nc3 Ne4 8. Bd2 Nxd2 9. Qxd2 c5 10. d5 d6 11. h4 h6 12. Qd3 Bc8 13. Nd2 Nd7 14. e4 Ne5 15. Qe2 h5 16. f3 a6 17. Kh2 b5 18. cxb5 axb5 19. Nxb5 Qa5 20. a4 Qb4 21. Bh3 Rxa4 22. Bxc8 Rxa1 23. Rxa1 Rxc8 24. Kg2 Qxb2 25. Ra7 c4 26. Rxe7 Qxb5 0-1


[Site "https://www.chess.com"]

[Event "Titled Tuesday Blitz December 13 Early 2022"]
[White "Akylbekov, Nasyr"]
[Black "Budrewicz, Krzysztof"]
[WhiteFideId "13800353"]
[BlackFideId "1127950"]
[WhiteElo "2310"]
[BlackElo "2188"]
[Result "0-1"]
[Round "02"]
[TimeControl "180+1"]
[Date "2022.12.14"]
[WhiteClock "0:00:25"]
[BlackClock "0:00:27"]

1. e4 g6 2. d4 Bg7 3. Nc3 c5 4. dxc5 Bxc3+ 5. bxc3 Nc6 6. Bd3 Qa5 7. Ne2 Qxc5 8. O-O Nf6 9. Be3 Qa5 10. h3 d6 11. Qd2 O-O 12. Bh6 Re8 13. f4 Qc5+ 14. Kh2 Qh5 15. Bg5 h6 16. Ng3 hxg5 17. Nxh5 Nxh5 18. fxg5 Ne5 19. g4 Ng7 20. Rab1 b6 21. Rb5 Be6 22. Rxe5 dxe5 23. a4 Rac8 24. Qf2 Rxc3 25. a5 bxa5 26. Qxa7 Ra3 27. Qc5 Ra2 28. Qxe5 Rc8 29. Rf2 Ne8 30. h4 Ng7 31. Kg3 a4 32. c4 Rxf2 33. Kxf2 Ra8 34. Bb1 a3 35. Ba2 Bxg4 36. Qd5 Rb8 37. Kg3 Be6 38. Qa5 Nh5+ 39. Kf3 Rc8 40. Qxa3 Kg7 41. Qc3+ Kg8 42. Bb3 Ng7 43. Kf4 Ne8 44. e5 Ng7 45. Bc2 Rxc4+ 46. Qxc4 Bxc4 47. Be4 Be6 0-1


[Site "https://www.chess.com"]

[Event "Titled Tuesday Blitz December 13 Early 2022"]
[White "Alahakoon, Isuru"]
[Black "Royal, Shreyas"]
[WhiteFideId "9900993"]
[BlackFideId "448869"]
[WhiteElo "2004"]
[BlackElo "2331"]
[Result "0-1"]
[Round "02"]
[TimeControl "180+1"]
[Date "2022.12.14"]
[WhiteClock "0:00:07"]
[BlackClock "0:00:55"]

1. Nf3 c5 2. c3 Nf6 3. d4 d5 4. Bf4 g6 5. e3 Bg7 6. Nbd2 b6 7. Bd3 O-O 8. O-O Nc6 9. a4 Nh5 10. Bg5 h6 11. Bh4 Qd6 12. e4 cxd4 13. exd5 dxc3 14. Ne4 Qxd5 15. Nxc3 Bxc3 16. bxc3 Nf4 17. Bb5 Be6 18. Qc1 Nxg2 19. Kxg2 Ne5 20. Be2 g5 21. Rd1 Qe4 22. Bg3 Bh3+ 23. Kxh3 g4+ 24. Kg2 gxf3+ 25. Bxf3 Nxf3 26. Kf1 Ng5 27. Re1 Qh1+ 28. Ke2 Qf3+ 29. Kf1 Rad8 30. Qe3 Qg4 31. Qf4 Qh3+ 32. Kg1 Qh5 33. Qe5 Nf3+ 0-1


[Site "https://www.chess.com"]

[Event "Titled Tuesday Blitz December 13 Early 2022"]
[White "Ambartsumova, Karina"]
[Black "Navara, David"]
[WhiteFideId "4166299"]
[BlackFideId "309095"]
[WhiteElo "2319"]
[BlackElo "2676"]
[Result "0-1"]
[Round "02"]
[TimeControl "180+1"]
[Date "2022.12.13"]
[WhiteClock "0:00:02"]
[BlackClock "0:00:04"]

1. Nf3 d5 2. d4 Nf6 3. c4 e6 4. Nc3 Bb4 5. Qa4+ Nc6 6. e3 O-O 7. Bd2 Re8 8. Qc2 Bf8 9. a3 e5 10. dxe5 Nxe5 11. Nxe5 Rxe5 12. cxd5 Nxd5 13. Nxd5 Qxd5 14. Bc3 Bf5 15. Qd1 Qxd1+ 16. Rxd1 Ree8 17. Be2 Red8 18. O-O Bc2 19. Rxd8 Rxd8 20. Rc1 Bf5 21. Rd1 Rxd1+ 22. Bxd1 Bd3 23. f3 c5 24. Kf2 f5 25. Be2 Bxe2 26. Kxe2 b5 27. Kd3 Kf7 28. e4 Ke6 29. h3 c4+ 30. Ke3 Bc5+ 31. Kf4 Bd6+ 32. Ke3 Bc5+ 33. Kf4 fxe4 34. Kxe4 g6 35. f4 Bb6 36. g4 a5 37. f5+ gxf5+ 38. gxf5+ Kd6 39. Be5+ Kc6 40. f6 Bc5 41. f7 Bf8 42. Bc3 b4 43. axb4 axb4 44. Be1 Kb5 45. Bd2 Ka4 46. Kd5 Kb3 0-1


[Site "https://www.chess.com"]

[Event "Titled Tuesday Blitz December 13 Early 2022"]
[White "Andreev, Konstantin"]
[Black "Liu, Casper"]
[WhiteFideId "24239305"]
[BlackFideId "1454153"]
[WhiteElo "2106"]
[BlackElo "2217"]
[Result "1-0"]
[Round "02"]
[TimeControl "180+1"]
[Date "2022.12.14"]
[WhiteClock "0:00:19"]
[BlackClock "0:00:02"]

1. e4 c6 2. d4 d5 3. e5 Bf5 4. Nf3 e6 5. Be2 Nd7 6. O-O h6 7. Nbd2 Be7 8. Nb3 a5 9. a4 c5 10. dxc5 Bxc5 11. Nxc5 Nxc5 12. Bb5+ Nd7 13. Nd4 Bg6 14. Qg4 Ne7 15. h4 O-O 16. h5 Bf5 17. Nxf5 Nxf5 18. Bf4 Rc8 19. Bd3 f6 20. exf6 Qxf6 21. Rae1 e5 22. Bd2 e4 23. Bc3 Rxc3 24. bxc3 exd3 25. cxd3 Qxc3 26. Qf3 Qd4 27. Re6 Ne5 28. Qe2 Nxd3 29. Re8 Nf4 30. Rxf8+ Kxf8 31. Qg4 Qe4 32. f3 Ne2+ 33. Kh2 Qe5+ 34. f4 Qe4 35. Re1 Qxf4+ 36. Qxf4 Nxf4 37. Rf1 Ke7 38. Rxf4 Ke6 39. g4 Ne3 40. Kg3 Ke5 41. Rf8 d4 42. Kf3 Nd5 43. Rf7 d3 44. Rxb7 Kd4 45. Rxg7 Kc3 46. Rd7 Nb4 47. g5 d2 48. Ke2 hxg5 49. h6 g4 50. Rxd2 g3 51. Rd1 1-0


[Site "https://www.chess.com"]

[Event "Titled Tuesday Blitz December 13 Early 2022"]
[White "Aradhya, Garg"]
[Black "Guliev, Logman"]
[WhiteFideId "25006746"]
[BlackFideId "13400061"]
[WhiteElo "2278"]
[BlackElo "2161"]
[Result "1-0"]
[Round "02"]
[TimeControl "180+1"]
[Date "2022.12.14"]
[WhiteClock "0:00:32"]
[BlackClock "0:00:01"]

1. d4 d5 2. c4 e6 3. Nf3 Nf6 4. g3 Bb4+ 5. Bd2 Be7 6. Bg2 O-O 7. O-O c6 8. Qc2 b6 9. Rc1 Bb7 10. b3 a5 11. Nc3 Na6 12. a3 Rc8 13. e4 dxe4 14. Nxe4 h6 15. Ne5 Nxe4 16. Qxe4 Rc7 17. Bc3 Bf6 18. Re1 c5 19. d5 exd5 20. cxd5 Re8 21. Rad1 Rce7 22. f4 Nb8 23. Qa4 Qd6 24. Nc4 Rxe1+ 25. Bxe1 Qd7 26. Nxb6 Qe7 27. Bf2 Bc3 28. d6 Qe2 29. Rf1 Bxg2 30. Kxg2 Re3 31. d7 Nxd7 32. Qxd7 Bd4 33. Qc8+ Re8 34. Qf5 g6 35. Qd5 1-0


[Site "https://www.chess.com"]

[Event "Titled Tuesday Blitz December 13 Early 2022"]
[White "Araujo Sanchez, Josue"]
[Black "Moskalenko, Alexander"]
[WhiteFideId "6416896"]
[BlackFideId "4155351"]
[WhiteElo "2370"]
[BlackElo "2446"]
[Result "0-1"]
[Round "02"]
[TimeControl "180+1"]
[Date "2022.12.14"]
[WhiteClock "0:00:56"]
[BlackClock "0:00:03"]

1. c4 e6 2. Nc3 d5 3. cxd5 exd5 4. d4 c6 5. Bf4 Bd6 6. Bxd6 Qxd6 7. e3 Ne7 8. Bd3 Bf5 9. Nge2 Nd7 10. O-O O-O 11. Rb1 a5 12. Ng3 Bxd3 13. Qxd3 Qg6 14. Qxg6 hxg6 15. Rfc1 Nc8 16. Na4 Nd6 17. Ne2 g5 18. Rc2 f5 19. g3 Kf7 20. Kg2 Rh8 21. h3 Rh6 22. Nc5 Ke7 23. Nxd7 Kxd7 24. Rbc1 Rah8 25. Ng1 g4 26. hxg4 Rh2+ 27. Kf3 fxg4+ 28. Kxg4 Ne4 29. f4 Kd6 30. Nf3 R2h3 31. Rg2 Nf6+ 32. Kf5 R3h5+ 33. Ng5 Ne4 34. g4 Rxg5+ 35. fxg5 Rf8+ 36. Kg6 Rf3 37. Kxg7 Nxg5 38. Rh1 Rxe3 39. Rh5 Ne6+ 40. Kf7 Nxd4 41. g5 Rf3+ 42. Ke8 Ne6 43. Rh6 Rf8# 0-1


[Site "https://www.chess.com"]

[Event "Titled Tuesday Blitz December 13 Early 2022"]
[White "Ardila, Oscar Humberto"]
[Black "Osinovsky, Stepan"]
[WhiteFideId "4404742"]
[BlackFideId "4157354"]
[WhiteElo "1961"]
[BlackElo "2222"]
[Result "1-0"]
[Round "02"]
[TimeControl "180+1"]
[Date "2022.12.14"]
[WhiteClock "0:00:46"]
[BlackClock "0:00:03"]

1. d4 Nf6 2. c4 g6 3. Nc3 Bg7 4. Nf3 O-O 5. e3 d6 6. Be2 Nbd7 7. O-O e5 8. dxe5 dxe5 9. Qc2 Nc5 10. Rd1 Qe7 11. b4 Bf5 12. Qb2 Nce4 13. Nd5 Nxd5 14. Rxd5 c6 15. Rd1 Rfd8 16. Qb3 Rxd1+ 17. Bxd1 Rd8 18. Bb2 h5 19. Be2 Nd2 20. Qc3 Ne4 21. Qe1 h4 22. h3 Qe6 23. Rd1 Rxd1 24. Qxd1 Bf6 25. a4 g5 26. Nh2 Be7 27. b5 f6 28. Qb3 Kg7 29. bxc6 bxc6 30. Qb7 1-0


[Site "https://www.chess.com"]

[Event "Titled Tuesday Blitz December 13 Early 2022"]
[White "Artemenko, Oleg"]
[Black "Omariev, Maksim"]
[WhiteFideId "14201798"]
[BlackFideId "4193423"]
[WhiteElo "2287"]
[BlackElo "2416"]
[Result "1-0"]
[Round "02"]
[TimeControl "180+1"]
[Date "2022.12.14"]
[WhiteClock "0:01:18"]
[BlackClock "0:00:04"]

1. d4 d5 2. Nc3 Nf6 3. Bf4 c5 4. e4 dxe4 5. dxc5 Qa5 6. Qd2 Bd7 7. O-O-O Na6 8. Kb1 Rd8 9. Bxa6 Qxa6 10. Nge2 e6 11. Bc7 Rc8 12. Be5 Qc6 13. Nd4 Qxc5 14. Bxf6 gxf6 15. Nxe4 Qc7 16. Nxf6+ Ke7 17. Qg5 h6 18. Nf5+ exf5 19. Rhe1+ Be6 20. Ng8+ Ke8 21. Rxe6+ fxe6 22. Qg6+ Qf7 23. Nf6+ Ke7 24. Rd7# 1-0


[Site "https://www.chess.com"]